 Dungeon Crawl Stone Soup version 0.31-a0-150-g89dc3ad700 (webtiles) character file.

Game seed: 13291325414406048502

633 qw the Skirmisher (level 7, -5/43 HPs)
             Began as a Gargoyle Hunter on June 8, 2023.
             Slain by a yak (7 damage)
             ... on level 5 of the Dungeon.
             The game lasted 00:01:19 (3283 turns).

qw the Skirmisher (Gargoyle Hunter)                 Turns: 3283, Time: 00:01:20

Health: -5/43      AC: 11    Str: 15    XL:     7   Next: 49%
Magic:  7/7        EV: 11    Int:  9    God:
Gold:   241        SH:  0    Dex: 15    Spells: 6/6 levels left

rFire   . . .        Y - +1 shortbow
rCold   . . .        (shield currently unavailable)
rNeg    + . .        i - +0 ring mail
rPois   inf          (no helmet)
rElec   +            (no cloak)
rCorr   .            (no gloves)
SInv    .            h - +0 pair of boots
Will    .....        (no amulet)
Stlth   +            e - +4 ring of slaying {mikee}
HPRegen 0.27/turn    (no ring)
MPRegen 0.10/turn

%: no passive effects
@: no status effects
A: sickness immunity, AC +4, negative energy resistance 1, electricity
resistance, torment resistance 1, petrification resistance
a: no special abilities


You were on level 5 of the Dungeon.
You visited 1 branch of the dungeon, and saw 5 of its levels.

You collected 351 gold pieces.
You spent 110 gold pieces at shops.


Innate Abilities, Weirdness & Mutations

You are immune to sickness and miasma.
Your stone body is resilient. (AC +4)
You are immune to poison.
You resist negative energy. (rN+)
You are resistant to electric shocks. (rElec)
You are resistant to unholy torment.
You are immune to petrification.


   Skills:
 + Level 4.3 Fighting
 - Level 8.0 Ranged Weapons
 - Level 1.3 Armour
 - Level 1.5 Dodging
 - Level 1.1 Stealth


You had 6 spell levels left.
You didn't know any spells.
Your spell library was empty.

Inventory:

Hand Weapons
 Y - a +1 shortbow (weapon)
Armour
 h - a +0 pair of boots (worn)
 i - a +0 ring mail (worn)
Jewellery
 e - a +4 ring of slaying (left hand) {mikee}
Scrolls
 a - a scroll of identify
 c - a scroll of teleportation
Potions
 b - a potion of degeneration {unknown}
 d - 2 potions of heal wounds {unknown}
 g - a potion of might {unknown}
 m - a potion of haste {unknown}

Dungeon Overview and Level Annotations

Branches:
Dungeon (5/15)
 Temple: D:4-7

Altars:
Ashenzari
Fedhas
Wu Jian

Shops:
D:3 [


Message History

A yak comes into view.
You see here 8 gold pieces.
You shoot an arrow. The yak bellows!
The arrow hits the yak.
The yak is lightly wounded.
A yak comes into view.
You shoot an arrow. The arrow hits the yak.
The yak is moderately wounded.
You shoot an arrow. The arrow closely misses the yak.
The arrow hits the yak.
The yak is lightly wounded.
A white imp comes into view.
You shoot an arrow.
The white imp shouts, "Back with thee, thou fobbing fool-born lewdster!"
The arrow hits the yak!
The yak is heavily wounded.
The yak gores you but does no damage.
You shoot an arrow. The arrow hits the yak!
The yak is almost dead.
The yak gores you.
You shoot an arrow. The arrow hits the yak.
You kill the yak!
The yak gores you but does no damage.
Your Ranged Weapons skill increases to level 8!
You shoot an arrow. The arrow barely misses the yak.
The yak gores you.
You shoot an arrow. The arrow hits the yak!
The yak is moderately wounded.
The yak gores you. The yak closely misses you.
The white imp grinds its teeth.
You shoot an arrow. The arrow hits the yak.
The yak is heavily wounded.
The yak misses you.
You shoot an arrow. The arrow barely misses the yak.
The yak gores you! The yak gores you. The yak misses you.
You shoot an arrow. The arrow hits the yak!
The yak is severely wounded.
The yak misses you. The yak gores you! The yak closely misses you.
The yak gores you! The yak barely misses you. The yak gores you!
You die...

.. ... ... ..!. ...#
#.... ...## #.....
#...#####......
#####.#....@Y5.....
.!....#....YY#.....
#.........#..... #
###.#............
...##....[>.....##...
#......##......# #
#...##........###
#.......#.#...#
......##.....##


You could see 3 yaks and a white imp.

Vanquished Creatures
  A yak (D:5)
  A howler monkey (D:3)
  A hound (D:5)
  2 orc priests
  A jelly (D:5)
  An iguana (D:5)
  3 orc wizards
  4 gnolls (D:4)
  5 adders
  A white imp (D:5)
  2 worms (D:3)
  2 dart slugs
  25 orcs
  4 ball pythons
  6 bats
  7 endoplasms
  5 giant cockroaches
  6 goblins
  8 hobgoblins
  8 jackals
  5 quokkas
  8 frilled lizards
  4 kobolds
  4 rats
114 creatures vanquished.

Notes
Turn   | Place    | Note
-------+----------+-------------------------------------------
     0 | D:1      | qw the Gargoyle Hunter began the quest for the Orb.
     0 | D:1      | Reached XP level 1. HP: 12/12 MP: 1/1
     0 | D:1      | 0 ||| qw: Version: 0.2-a-119-g7aa9181
     0 | D:1      | 0 ||| qw: Game counter: 2892
     0 | D:1      | 0 ||| qw: Always use a shield: true
     0 | D:1      | 0 ||| qw: God list: Okawaru
     0 | D:1      | 0 ||| qw: Allow faded altars: false
     0 | D:1      | 0 ||| qw: Do Orc after D:15 true
     0 | D:1      | 0 ||| qw: Do second Lair branch before Depths: true
     0 | D:1      | 0 ||| qw: Lair rune preference: random
     0 | D:1      | 0 ||| qw: Plans: Normal
     0 | D:1      | 0 ||| PLANNING D:1-11
    84 | D:1      | Reached XP level 2. HP: 17/17 MP: 2/2
   133 | D:1      | HP: 3/17 [goblin/+0 club (3)]
   294 | D:1      | Found a faded altar of an unknown god.
   309 | D:1      | Reached XP level 3. HP: 18/21 MP: 3/3
   349 | D:1      | Reached skill level 5 in Ranged Weapons
   883 | D:1      | 883 ||| UPGRADING to +4 ring of slaying {mikee}.
   884 | D:1      | 884 ||| READING scroll labelled KUEDGH ZINU.
   902 | D:1      | 902 ||| READING scroll labelled JEISOR BOPPEPP.
   903 | D:1      | 903 ||| DROPPING scroll of butterflies.
   966 | D:2      | Found an ornate altar of the Wu Jian Council.
  1034 | D:2      | Reached skill level 3 in Fighting
  1162 | D:2      | Reached XP level 4. HP: 28/28 MP: 4/4
  1578 | D:2      | 1578 ||| READING 2 scrolls labelled UGONOXTEN YBIMN.
  1579 | D:2      | 1579 ||| READING scroll labelled SEGRATR WOALI.
  1580 | D:2      | 1580 ||| READING scroll labelled DUYXINEGEDD.
  1708 | D:3      | Reached XP level 5. HP: 23/32 MP: 5/5
  1784 | D:3      | Found Fistaghi's Armour Boutique.
  1793 | D:3      | 1793 ||| BUYING +0 pair of boots (58 gold).
  1793 | D:3      | Bought a +0 pair of boots for 58 gold pieces
  1793 | D:3      | 1793 ||| BUYING +0 ring mail (52 gold).
  1793 | D:3      | Bought a +0 ring mail for 52 gold pieces
  1793 | D:3      | 1793 ||| SHOPLISTING +1 robe of the Seven of Swords {Fly}
                  | (192 gold, have 39).
  1793 | D:3      | 1793 ||| SHOPLISTING +2 pair of gloves (214 gold, have 39).
  1793 | D:3      | 1793 ||| SHOPLISTING +2 pair of gloves of dexterity (279
                  | gold, have 39).
  1913 | D:3      | Reached skill level 6 in Ranged Weapons
  2272 | D:3      | 2272 ||| UPGRADING to +0 pair of boots.
  2277 | D:3      | 2277 ||| UPGRADING to +0 ring mail.
  2287 | D:3      | 2287 ||| DROPPING +0 leather armour.
  2288 | D:3      | 2288 ||| READING 3 scrolls labelled XIENOPS OZEN.
  2289 | D:3      | 2289 ||| READING scroll labelled JAIDUE HATOTH.
  2292 | D:3      | 2292 ||| READING scroll labelled KIYXON PUCHA.
  2293 | D:3      | 2293 ||| DRINKING 2 orange potions.
  2398 | D:3      | 2398 ||| DROPPING potion of berserk rage.
  2399 | D:3      | 2399 ||| DROPPING 2 scrolls of immolation.
  2439 | D:4      | Reached skill level 1 in Armour
  2439 | D:4      | Reached XP level 6. HP: 38/38 MP: 6/6
  2445 | D:4      | 2445 ||| STAIRDANCE
  2543 | D:4      | HP: 8/38 [gnoll/+0 spear (6)]
  2758 | D:4      | Found a blossoming altar of Fedhas.
  3001 | D:4      | 3001 ||| DROPPING scarf of shadows.
  3024 | D:5      | Entered Level 5 of the Dungeon
  3025 | D:5      | Found a broken altar of Ashenzari.
  3044 | D:5      | Identified the +5 falchion of Gaskiv {vamp, +Blink Will+
                  | MP-9 Int+3}
  3076 | D:5      | Reached skill level 7 in Ranged Weapons
  3101 | D:5      | HP: 6/38 [orc priest/+0 flail (5)]
  3102 | D:5      | 3102 ||| READING scroll of teleportation.
  3104 | D:5      | Reached XP level 7. HP: 5/43 MP: 7/7
  3271 | D:5      | Noticed a yak
  3272 | D:5      | Noticed a yak
  3272 | D:5      | Noticed a yak
  3274 | D:5      | Noticed a yak
  3278 | D:5      | Killed a yak
  3279 | D:5      | Reached skill level 8 in Ranged Weapons
  3283 | D:5      | HP: 10/43 [yak (13)]
  3283 | D:5      | HP: 2/43 [yak (8)]
  3283 | D:5      | Slain by a yak

Levels and vault maps discovered:
D:1:      elethiomel_arrival_quiet, layout_basic,
          hellmonk_ecumenical_altar_arch_garden
D:2:      layout_basic, basic_altar, minmay_door_square, minivault_14
D:3:      layout_loops_ring, serial_shops, shop
D:4:      layout_cave_pools, amcnicky_altar_gilded
D:5:      layout_rooms, cheibrodos_ashenzari_chains, minitemple, hellmonk_no_cap

Skill      XL: |  1  2  3  4  5  6  7 |
---------------+----------------------+-----
Ranged Weapons | 5 6 7 8 |  8.0
Fighting       | 3 4 |  4.3
Armour         | 1 |  1.3
Dodging        | |  1.5
Stealth        | |  1.1

Action                     |  1- 3 |  4- 6 |  7- 9 || total
---------------------------+-------+-------+-------++-------
   Fire: Shortbow          |   107 |   193 |    17 ||   317
    Use: Scroll            |     2 |     7 |       ||     9
         Potion            |       |     1 |       ||     1
 Armour: Leather armour    |    18 |    14 |       ||    32
         Ring mail         |       |    16 |     2 ||    18
  Dodge: Dodged            |    31 |    37 |     6 ||    74

Table legend:
 A = Non-vault XP
 B = Vault XP
 C = Vault XP percentage of total XP
 D = Non-vault monster count
 E = Vault monster count
 F = Vault count percentage of total count
                 A         B        C        D         E       F
            +---------+---------+-------+---------+---------+-------
      Total |     905 |       0 |   0.0 |     114 |       0 |   0.0
            +---------+---------+-------+---------+---------+-------
        D:1 |      43 |       0 |   0.0 |      26 |       0 |   0.0
        D:2 |      68 |       0 |   0.0 |      25 |       0 |   0.0
        D:3 |     251 |       0 |   0.0 |      28 |       0 |   0.0
        D:4 |     146 |       0 |   0.0 |      21 |       0 |   0.0
        D:5 |     397 |       0 |   0.0 |      14 |       0 |   0.0
            +---------+---------+-------+---------+---------+-------
